 Dungeon Crawl Stone Soup version 0.31-b1-22-gc680215f68 (webtiles) character file.

Game seed: 9643975239421247357

2902184 yetimobile the Hawkeye (level 27, 215/237 HPs)
             Began as a Human Berserker on Jan 16, 2024.
             Was a High Priest of Trog.
             Escaped with the Orb
             ... and 5 runes on Jan 19, 2024!
             The game lasted 06:18:05 (79740 turns).

yetimobile the Hawkeye (Human Berserker)           Turns: 79740, Time: 06:18:05

Health: 215/237    AC: 32    Str: 33    XL:     27
Magic:  20/20      EV: 15    Int:  9    God:    Trog [*****.]
Gold:   4119       SH: 16    Dex: 16    Spells: 26/26 levels left

rFire   + + +        b - +8 trishula "Condemnation" {holy, anguish, *Noise Fly rN+}
rCold   + + +        I - +2 shield of Resistance {rF++ rC++ Will++}
rNeg    + + .        x - +7 gold dragon scales
rPois   +            C - +2 helmet {SInv}
rElec   +            F - scarf "Muwurph" {harm, Rampage rElec rC+}
rCorr   +            B - +2 pair of gloves
SInv    +            c - +0 pair of boots of Eneu {rF+ rC- rCorr Int+2}
Will    +++++        d - necklace of Bloodlust {Fury *Rage Will++ Int-3 Slay+6} Stlth
                     p - ring of Trepidation {rF+ rN+ Dex+3}
HPRegen 0.59/turn    D - ring "Pozeoj" {rC+ Str+6}
MPRegen 0.17/turn

%: random rage (53%), harm (+30% outgoing, +20% incoming), rampage
@: on berserk cooldown, flying, slowed, studying Polearms, very slow
A: explore regen, iridescent scales 1, berserk 1, clumsy 1, deformed body, fire
resistance 1, low MP 1, sense surroundings 1, no potion heal 2, cold
vulnerability 1
0: Orb of Zot
}: 5/15 runes: decaying, slimy, silver, abyssal, gossamer
a: Renounce Religion, Berserk, Trog's Hand, Brothers in Arms


You escaped.
You worshipped Trog.
Trog was extremely pleased with you.
You visited 10 branches of the dungeon, and saw 52 of its levels.
You visited the Abyss 3 times.
You also visited: Trove and Bailey.

You collected 7477 gold pieces.
You spent 3358 gold pieces at shops.

Inventory:

Hand Weapons
 a - the +8 broad axe "Zyoleola" {speed, rN+}
   (You found it on level 2 of the Orcish Mines)

   rN+:       It protects you from negative energy.
 b - the +8 trishula "Condemnation" (weapon) {holy, anguish, *Noise Fly rN+}
   (You found it on level 3 of the Elven Halls)

   rN+:       It protects you from negative energy.
   Fly:       It grants you flight.
   *Noise:    It may make a loud noise when swung.
 g - a +7 antimagic sling
 L - the +8 war axe of Nydunwok {flame, rElec rC+ Will++ Dex-2}
   (Trog gifted it to you on level 4 of the Spider Nest)

   Dex-2:     It affects your dexterity (-2).
   rC+:       It protects you from cold.
   rElec:     It insulates you from electricity.
   Will++:    It greatly increases your willpower.
Missiles
 o - 10 silver javelins
 u - 7 boomerangs (quivered)
Armour
 c - the +0 pair of boots of Eneu (worn) {rF+ rC- rCorr Int+2}
   (You found it on level 4 of the Spider Nest)

   Int+2:     It affects your intelligence (+2).
   rF+:       It protects you from fire.
   rC-:       It makes you vulnerable to cold.
   rCorr:     It protects you from acid and corrosion.
 j - the +4 plate armour "Rejown" {Rampage rF+ MP+9 Dex+2}
   (You found it in a treasure trove)

   Dex+2:     It affects your dexterity (+2).
   rF+:       It protects you from fire.
   MP+9:      It affects your magic capacity (+9).
   Rampage:   It bestows one free step when moving towards enemies.
 t - the +3 crown of Dyrovepreva {rElec Int+2 SInv}
   (You bought it in a shop on level 1 of the Depths)

   Int+2:     It affects your intelligence (+2).
   rElec:     It insulates you from electricity.
   SInv:      It lets you see invisible.
 v - the +8 storm dragon scales "Giup" {rElec rF+ Dex+3}
   (You found it in a treasure trove)

   Dex+3:     It affects your dexterity (+3).
   rF+:       It protects you from fire.
   rElec:     It insulates you from electricity.
 x - +7 gold dragon scales (worn)
 B - a +2 pair of gloves (worn)
 C - a +2 helmet of see invisible (worn)
 F - the scarf "Muwurph" (worn) {harm, Rampage rElec rC+}
   (You acquired it on level 1 of the Swamp)

   rC+:       It protects you from cold.
   rElec:     It insulates you from electricity.
   Rampage:   It bestows one free step when moving towards enemies.
 I - the +2 shield of Resistance (worn) {rF++ rC++ Will++}
   (You found it on level 10 of the Dungeon)

   rF++:      It greatly protects you from fire.
   rC++:      It greatly protects you from cold.
   Will++:    It greatly increases your willpower.
Jewellery
 d - the necklace of Bloodlust (around neck) {Fury *Rage Will++ Int-3 Slay+6}
   (You took it off a tengu reaver on level 2 of the Depths)

   [amulet of nothing]

   Fury:      It extends the wearer's berserk rage when killing foes.
   Int-3:     It affects your intelligence (-3).
   Slay+6:    It affects your accuracy & damage with ranged weapons and melee
   (+6).
   Will++:    It greatly increases your willpower.
   *Rage:     It berserks you when you make melee attacks (+50% chance).
 f - the ring of Henotheism {rF+ SInv}
   (You bought it in a shop on level 2 of the Orcish Mines)

   [ring of protection from fire]

   rF+:       It protects you from fire.
   SInv:      It lets you see invisible.
 k - the ring "Gyghuesk" {Fire +Blink rCorr Str-3}
   (You took it off a vault sentinel on level 5 of the Vaults)

   [ring of fire]

   Fire:      It enhances your fire magic.
   Str-3:     It affects your strength (-3).
   rF+:       It protects you from fire.
   rC-:       It makes you vulnerable to cold.
   +Blink:    It lets you blink.
   rCorr:     It protects you from acid and corrosion.
 p - the ring of Trepidation (left hand) {rF+ rN+ Dex+3}
   (You acquired it in a bailey)

   [ring of protection from fire]

   Dex+3:     It affects your dexterity (+3).
   rF+:       It protects you from fire.
   rN+:       It protects you from negative energy.
 D - the ring "Pozeoj" (right hand) {rC+ Str+6}
   (You found it on level 1 of the Spider Nest)

   [ring of strength]

   Str+6:     It affects your strength (+6).
   rC+:       It protects you from cold.
 P - a ring of poison resistance
Wands
 l - a wand of polymorph (29)
 w - a wand of mindburst (25)
 z - a wand of quicksilver (40)
 E - a wand of charming (17)
 M - a wand of digging (11)
 O - a wand of iceblast (53)
Scrolls
 i - 3 scrolls of fear
 q - 7 scrolls of immolation {!r}
 s - 30 scrolls of teleportation
 y - 7 scrolls of fog
 A - 2 scrolls of enchant armour
 Q - 8 scrolls of poison {!r}
 R - a scroll of silence
 T - 4 scrolls of vulnerability {!r}
 W - 3 scrolls of butterflies
 Z - a scroll of blinking
Potions
 h - 5 potions of might
 G - 2 potions of haste
 H - 5 potions of attraction {!q}
 J - 8 potions of cancellation
 K - 17 potions of curing
 N - 5 potions of enlightenment
 S - 7 potions of berserk rage
 U - 10 potions of heal wounds
 V - 8 potions of ambrosia
Miscellaneous
 e - a lightning rod (4/4)
 m - a condenser vane (inert)
 n - a phantom mirror
 X - a sack of spiders
 Y - a phial of floods


   Skills:
 - Level 23.9 Fighting
 - Level 4.3 Long Blades
 - Level 16.8(19.1) Axes
 - Level 10.7(15.0) Maces & Flails
 - Level 11.5(15.5) Polearms
 + Level 24.7 Throwing
 - Level 15.3 Armour
 - Level 19.3 Dodging
 - Level 11.6 Stealth
 - Level 15.2 Shields
 - Level 14.4 Evocations


You had 26 spell levels left.
You didn't know any spells.
Your spell library contained the following spells:

 Spells                   Type           Power      Damage    Failure   Level
 Magic Dart               Conj           0%         1d3       100%        1
 Searing Ray              Conj           0%         2d4       100%        2
 Brom's Barrelling Bould  Conj/Erth      0%         2d3       100%        4
 Fulminant Prism          Conj/Alch      0%         3d5       100%        4
 Manifold Assault         Tloc           0%         N/A       100%        4
 Fireball                 Conj/Fire      0%         3d3       100%        5
 Iskenderun's Battlesphe  Conj           0%         2d6       100%        5
 Conjure Ball Lightning   Conj/Air       0%         3x3d6     100%        6
 Dispersal                Tloc           0%         N/A       100%        6
 Orb of Destruction       Conj           0%         9d5       100%        7
 Disjunction              Tloc           0%         N/A       100%        8


Dungeon Overview and Level Annotations

Branches:
Dungeon (15/15)            Temple (0/1) D:5            Lair (5/5) D:9
  Swamp (4/4) Lair:3       Spider (4/4) Lair:2        Slime (5/5) Lair:4
    Orc (2/2) D:12            Elf (3/3) Orc:2        Vaults (5/5) D:14
  Crypt (0/3) Vaults:3     Depths (4/4) D:15            Zot (5/5) Depths:4
 Bailey (visited)

Altars:
Ashenzari
Dithmenos
Elyvilon
Fedhas
Gozag
Hepliaklqana
Kikubaaqudgha
Nemelex Xobeh
Okawaru
Sif Muna
Uskayaw
Xom
Jiyva

Shops:
D:3 :   D:10 (   D:12 *   Orc:2 =*:*   Elf:3 :   Depths:1 **   Depths:2 ?

Portals:
Hell: Depths:1 Depths:2 Depths:3 Depths:4
Abyss: Depths:2 Depths:3 Depths:4
Pandemonium: Depths:1 Depths:2
Ziggurat: Depths:3

Annotations:
Lair:5 2 transporters, exclusion: 3 oklob plants, kmckee's ghost, journeyman HOFi
Swamp:2 exclusion: swamp worm, Roxanne
Spider:3 exclusion: downstairs
Elf:2 3 runed translucent doors
Vaults:3 1 runed translucent door, TuffENuff's ghost, veteran FoFi
Zot:2 1 transporter
Zot:3 3 transporters


Innate Abilities, Weirdness & Mutations

You regain HP and MP as you explore.
You are partially covered in iridescent scales. (AC +2)
You sometimes lose your temper in combat.
You are clumsy. (Dex -2)
Armour fits poorly on your strangely shaped body.
Your flesh is heat resistant. (rF+)
Your magical capacity is low. (-10% MP)
You passively map a small area around you.
Potions cannot restore your health.
You are vulnerable to cold. (rC-)


Message History

The smoke demon gestures at you. The pyre arrow hits you.
You are covered in intense liquid fire!
The balrug gestures at you. Something smites you!
You rampage towards the smoke demon!
You shake off some of the fire as you move. x2
The liquid fire burns you!
You impale the smoke demon!!
The smoke demon convulses!
The necklace of Bloodlust glows a violent red.
You kill the smoke demon!
Trog accepts your kill. The liquid fire burns you!
You impale the balrug!!
The balrug convulses!
The balrug is haunted by guilt!
The balrug is severely wounded.
The liquid fire burns you!
You barely miss the balrug.
The balrug is severely wounded.
The liquid fire burns you! The balrug gestures at you.
The bolt of fire hits you. You resist.
The balrug is wracked by anguish.
You impale the balrug!!
You kill the balrug!
Trog accepts your kill. The liquid fire burns you!
You shake off the liquid fire.
You see here a +2 vampiric demon whip.
You feel a strong urge to attack something.
There is a stone staircase leading up here.
You feel your anger nearly subside.
You fly upwards.
You are no longer berserk.
You are exhausted.
You feel yourself slow down.
There is a stone staircase leading down here.
You reach down and open the door.
There is an open door here.
There is a large open door here.
There is a staircase leading out of the dungeon here.
You have escaped!

.....~~~~~~~~~~~~~~~~~~~~~~~.....
#....~~~~~~~~~~~~~~~~~~~~~~~.....
#....~~~#+#+#~~~~~~~#+#+#~~~....#
.....~~~+>..##+###+## +~~~...##
#....~~~+...'.......+ +~~~...#
#....~~~#'###.#####. +#~~~...##
......~~~~#...#...# ~~~~~.....
....}..~~~'.}.'...# ~~~~~...##
##..}..~~~).}.'.p.# ~~~~~...#
#.[...~~~~#...#...# ~~~~~...#
#....~~~#'#'#.#####.# +#~~~...#
#....~~~'...#.......# +~~~...#
##...~~~'...##'###+## +~~~...#
.....~~~#'#'#~~~~~~~#+#+#~~~...#
#....~~~~~~~~~~~~~~~~~~~~~~~...#
#....~~~~~~~~~~~~~~~~~~~~~~~...#
.....~~~~~~~~~~~~~~~~~~~~~~~...#


There were no monsters in sight!

Vanquished Creatures
  the Royal Jelly (Slime:5)
  2 dread liches (Vaults:5)
  Frederick (Depths:3)
  6 orbs of fire
  5 ancient liches
  Mara (Vaults:4)
  A juggernaut (Depths:3)
  A pandemonium lord (D:2)
  A Killer Klown (Zot:5)
  the Lernaean hydra (Swamp:4)
  3 curse toes
  13 golden dragons
  Jory (Vaults:4)
  15 caustic shrikes
  5 bone dragons
  A profane servitor (Abyss:3)
  An electric golem (Zot:5)
  Jorgrun (D:12)
  A hellephant (Vaults:4)
  9 tentacled monstrosities
  A walking crystal tome (Depths:3)
  7 liches (Abyss:3)
  Mlioglotl (Spider:4)
  22 Orb Guardians
  2 deep elf blademasters (Elf:3)
  A deep elf master archer (Elf:3)
  4 titans (Vaults:5)
  6 sphinxes
  7 quicksilver dragons
  Agnes (Spider:4)
  8 tentacled starspawn (Abyss:3)
  4 death cobs
  24 acid blobs
  2 thorn hunters
  Aizul (Swamp:2)
  Donald (Vaults:1)
  Kirke (Swamp:1)
  4 tengu reavers
  10 shadow dragons
  16 rockslimes
  A fenstrider witch (Swamp:4)
  15 azure jellies
  6 draconian monks
  4 storm dragons
  7 draconian knights
  15 frost giants
  6 protean progenitors
  3 draconian scorchers
  12 deep elf sorcerers
  2 daevas (Abyss:3)
  5 fire giants
  A balrug (D:2)
  15 vault wardens
  7 draconian shifters
  Louise (D:15)
  A caustic shrike zombie (Abyss:3)
  5 emperor scorpions
  5 ghost moths
  4 deep elf elementalists (Elf:3)
  3 orc warlords
  A juggernaut zombie (Depths:3)
  9 draconian annihilators
  4 ghouls
  A broodmother (Spider:1)
  4 spriggan defenders
  4 cacodemons
  6 quicksilver oozes
  2 draconian stormcallers (Zot:1)
  37 very ugly things
  20 ironbound preservers
  2 juggernaut skeletons
  9 green draconians
  6 formless jellyfish
  13 stone giants
  5 eleionomae
  4 starflowers (Abyss:3)
  4 deep elf death magi
  6 ironbound thunderhulks
  4 deep elf demonologists (Elf:3)
  9 deep elf annihilators
  4 lorocyprocas
  A vampire knight (Depths:3)
  6 white draconians
  12 black draconians
  5 dire elephants
  3 bunyips
  A war gargoyle (Vaults:5)
  A minotaur (Elf:1)
  8 spark wasps
  13 red draconians
  7 purple draconians
  6 yellow draconians
  3 eidola
  2 green deaths (Abyss:3)
  2 blizzard demons
  6 yaktaur captains
  A quicksilver dragon zombie (Depths:3)
  7 ettins
  3 spriggan zombies (Abyss:3)
  4 deep elf high priests
  A merfolk javelineer (Depths:4)
  14 great orbs of eyes
  An entropy weaver (Spider:2)
  48 vault guards
  8 ice dragons
  9 fire dragons
  The ghost of Liimbo the Fighter, a journeyman FoWn of Cheibriados (D:13)
  3 catoblepae
  A quicksilver dragon skeleton (Depths:3)
  4 rakshasas
  A hell beast (Depths:4)
  16 hydras
  The ghost of Doxiuhun the Thaumaturge, a journeyman GnSk of Okawaru (D:11)
  4 jorogumos
  10 alligators
  8 spriggan air magi
  4 ogre magi
  9 ironbound frosthearts
  2 ghost crabs
  A spriggan skeleton (Abyss:3)
  14 centaur warriors
  4 death knights
  10 deep troll shamans
  9 boulder beetles
  2 radroaches (Spider:1)
  15 two-headed ogres
  3 vampire magi
  11 death yaks
  Erica (D:11)
  8 dancing weapons
  9 deep troll earth magi
  7 spriggan berserkers
  3 occultists
  3 tengu warriors
  9 demonic crawlers
  3 hell hogs (Abyss:3)
  Urug (D:13)
  10 thrashing horrors (Abyss:3)
  8 hell knights
  An orc high priest (Vaults:1)
  2 sun demons
  14 deep elf knights
  15 iron trolls
  A soul eater (Depths:1)
  7 pharaoh ants
  8 wretched stars (Abyss:3)
  4 sixfirhies (Abyss:3)
  2 skysharks
  2 skeletal warriors (D:15)
  The ghost of Cheops the Spear-Bearer, a novice FoFi (D:6)
  72 deep trolls
  An anaconda zombie (Abyss:3)
  2 spatial maelstroms (Abyss:3)
  4 goliath frogs
  6 glowing orange brains
  7 orb spiders
  A shadow demon (Zot:2)
  12 deep elf archers
  A shadow dragon zombie (Depths:3)
  6 flayed ghosts
  A sun moth (shapeshifter) (Vaults:5)
  A fenstrider witch simulacrum (Abyss:3)
  6 arcanists
  An anaconda (shapeshifter) (Vaults:4)
  A lindwurm (shapeshifter) (Vaults:5)
  25 large abominations
  10 swamp dragons
  21 ironbound convokers
  15 bog bodies
  4 phantasmal warriors
  13 lindwurms
  9 deep elf zephyrmancers
  7 steelbarb worms
  11 orc knights
  10 necromancers
  44 ugly things
  A steelbarb worm (shapeshifter) (Vaults:5)
  22 deep elf pyromancers
  8 oklob plants
  2 will-o-the-wisps (Swamp:1)
  A frost giant skeleton (Vaults:2)
  5 orc sorcerers
  12 wolf spiders
  4 cyclopes
  11 shining eyes
  5 worldbinders (Abyss:3)
  A cyclops (shapeshifter) (D:14)
  4 manticores
  A centaur zombie (Abyss:3)
  27 moths of wrath
  A rust devil (D:12)
  5 water nymphs
  14 meliai
  5 elephants (Lair:5)
  3 kobold blastminers (Orc:2)
  12 smoke demons
  3 black mambas
  4 orange demons
  5 torpor snails
  5 eyes of devastation
  15 vault sentinels
  3 apocalypse crabs (Abyss:3)
  An unseen horror (Abyss:3)
  9 cane toads
  A cane toad (shapeshifter) (D:12)
  A gargoyle (D:12)
  10 kobold demonologists
  4 freezing wraiths
  2 efreet (Abyss:3)
  4 tengu conjurers
  16 yaktaurs
  8 ancient zymes (Abyss:3)
  10 komodo dragons
  3 tormentors
  A spectral human (Depths:1)
  9 tyrant leeches
  4 trolls
  2 hellwings
  3 polar bears
  A polar bear (shapeshifter) (Elf:2)
  4 raiju (Abyss:3)
  A bloated husk (Swamp:3)
  14 tarantellas
  A harpy skeleton (Abyss:3)
  14 hornets
  4 glass eyes
  6 dream sheep (Lair:5)
  A glass eye (shapeshifter) (Vaults:5)
  A dream sheep (shapeshifter) (Vaults:5)
  13 blink frogs
  142 slime creatures
  23 jumping spiders
  3 air elementals
  A culicivora (shapeshifter) (Abyss:3)
  10 wraiths
  6 ynoxinuls
  22 spriggans
  3 water elementals
  A jumping spider (shapeshifter) (Elf:3)
  3 shadows
  14 culicivoras
  3 wyverns
  2 fire elementals (Elf:3)
  24 yaks
  5 vampires
  21 golden eyes
  2 wargs
  5 hogs (Swamp:1)
  31 redbacks
  3 steam dragons
  5 basilisks
  4 neqoxecs
  9 chaos spawn
  13 swamp worms
  22 small abominations (Abyss:3)
  A harpy simulacrum (Abyss:3)
  An acid dragon (D:9)
  6 spatial vortices (Abyss:3)
  19 water moccasins
  48 orc warriors
  8 swamp drakes
  3 sky beasts
  4 ice beasts
  A black bear (shapeshifter) (Elf:2)
  8 black bears
  14 laughing skulls (Abyss:3)
  An ettin simulacrum (Vaults:2)
  A human zombie (Vaults:2)
  6 ogres
  2 boggarts (Lair:5)
  31 wolves
  14 centaurs
  A kobold brigand (D:13)
  2 brain worms (Abyss:3)
  A weeping skull (Abyss:3)
  13 bullfrogs
  3 elf zombies (Elf:1)
  4 earth elementals
  A gnoll sergeant (D:11)
  2 scorpions
  9 wights
  35 killer bees
  10 howler monkeys
  5 electric eels
  4 crimson imps (Depths:3)
  2 bombardier beetles
  A jelly (shapeshifter) (Abyss:3)
  2 quasits (Abyss:3)
  6 hounds
  3 jellies
  4 gnoll boudas
  14 orc priests
  2 iron imps (Abyss:3)
  62 starcursed masses (Abyss:3)
  4 hell rats (Lair:5)
  Natasha (twice) (D:3)
  Terence (D:3)
  5 iguanas
  2 sleepcaps
  20 orc wizards
  Robin (D:3)
  32 gnolls
  5 adders
  4 shadow imps
  6 white imps
  2 ufetubi (D:7)
  2 dart slugs
  82 orcs
  3 endoplasms
  2 giant cockroaches
  30 goblins
  15 hobgoblins
  A jackal (D:2)
  7 quokkas
  3 ball pythons
  8 bats
  2 frilled lizards
  12 kobolds
  5 rats
  2 aspiring fleshes (Zot:2)
  3 lurking horrors (Abyss:3)
  2 spectral weapons (Depths:2)
  7 starspawn tentacles (Abyss:3)
2508 creatures vanquished.

Vanquished Creatures (collateral kills)
  Margery (Vaults:4)
  Nikola (Spider:4)
  A golden dragon (Depths:2)
  Rupert (Lair:3)
  A titan (Depths:2)
  A death cob (Zot:2)
  A quicksilver dragon (Zot:2)
  A protean progenitor (Zot:5)
  A draconian monk (Zot:2)
  A fire giant (Depths:2)
  A draconian shifter (Zot:2)
  A draconian knight (Zot:2)
  2 emperor scorpions (Spider:4)
  A vault warden (Vaults:5)
  A ghost moth (Spider:4)
  A ghoul (Swamp:3)
  An ironbound preserver (Vaults:4)
  A very ugly thing (Vaults:4)
  3 dire elephants (Vaults:1)
  A black draconian (Zot:4)
  A red draconian (Zot:2)
  The ghost of Taul the Protected, a journeyman MiFi of Zin (Orc:2)
  A merfolk javelineer (Orc:2)
  An entropy weaver (Spider:4)
  A merfolk impaler (Orc:2)
  2 hydras (Swamp:4)
  Fannar (D:11)
  A centaur warrior (Orc:2)
  A two-headed ogre (D:10)
  3 death yaks (Lair:2)
  A boulder beetle (Spider:4)
  A goliath frog (Swamp:3)
  3 deep trolls (Vaults:4)
  A sun moth (Spider:4)
  A steelbarb worm (Spider:4)
  2 orc knights (Orc:2)
  2 wolf spiders (Spider:4)
  A manticore (D:12)
  An ugly thing (Vaults:1)
  A meliai (Spider:4)
  A torpor snail (Spider:4)
  A gargoyle (D:11)
  A rime drake (Lair:3)
  3 trolls
  4 jumping spiders (Spider:4)
  5 slime creatures (D:12)
  7 yaks
  2 redbacks (Spider:4)
  3 water moccasins (D:9)
  A black bear (D:9)
  A gnoll sergeant (D:9)
  A scorpion (D:9)
  A howler monkey (D:12)
  An aspiring flesh (Zot:5)
82 creatures vanquished.

Vanquished Creatures (others)
  An ancient lich (Zot:5)
  A pandemonium lord (Depths:4)
  A Killer Klown (Zot:5)
  A Hell Sentinel (D:14)
  2 Orb Guardians (Zot:5)
  A quicksilver dragon (Vaults:5)
  2 death cobs
  A frost giant (Depths:2)
  A draconian monk (Zot:4)
  A draconian scorcher (Zot:2)
  A vault guard (Vaults:4)
  A thrashing horror (Abyss:3)
  A deep elf knight (Elf:2)
  A wretched star (Abyss:3)
  An orc knight (Vaults:1)
  A tyrant leech (Zot:5)
  3 bloated husks
  A culicivora (Spider:4)
  A redback (Spider:4)
  4 foxfires (Swamp:1)
  A lurking horror (Abyss:3)
  10 starspawn tentacles (Abyss:3)
38 creatures vanquished.

Grand Total: 2628 creatures vanquished

Notes
Turn   | Place    | Note
-------+----------+-------------------------------------------
     0 | D:1      | yetimobile the Human Berserker began the quest for the Orb.
     0 | D:1      | Reached XP level 1. HP: 18/18 MP: 1/1
   209 | D:1      | Reached XP level 2. HP: 20/24 MP: 2/2
   595 | D:1      | Reached XP level 3. HP: 25/29 MP: 3/3
   710 | D:2      | Reached ** piety under Trog
   727 | D:2      | Found a faded altar of an unknown god.
  1318 | D:3      | Noticed Robin
  1325 | D:3      | Reached skill level 4 in Long Blades
  1325 | D:3      | Reached XP level 4. HP: 37/37 MP: 4/4
  1330 | D:3      | Killed Robin
  1331 | D:3      | Reached skill level 4 in Fighting
  1347 | D:3      | Noticed Natasha
  1362 | D:3      | Killed Natasha
  1632 | D:3      | Found Durur's Book Boutique.
  1672 | D:3      | Noticed Terence
  1682 | D:3      | Killed Terence
  1683 | D:3      | Reached XP level 5. HP: 43/43 MP: 3/5
  1799 | D:3      | Found an opulent altar of Gozag.
  1815 | D:3      | Reached skill level 1 in Maces & Flails
  1931 | D:3      | Noticed an ogre
  1938 | D:3      | Killed an ogre
  1939 | D:3      | Reached skill level 5 in Fighting
  1939 | D:3      | Reached skill level 2 in Maces & Flails
  1939 | D:3      | Reached XP level 6. HP: 51/51 MP: 4/6
  2060 | D:3      | Noticed Natasha
  2065 | D:3      | Killed Natasha
  2279 | D:4      | Reached skill level 3 in Maces & Flails
  2417 | D:4      | Noticed a sky beast
  2503 | D:4      | Reached XP level 7. HP: 57/57 MP: 7/7
  2561 | D:3      | Reached *** piety under Trog
  2665 | D:4      | Found a sparkling altar of Nemelex Xobeh.
  2719 | D:4      | Reached skill level 6 in Fighting
  2719 | D:4      | Reached skill level 4 in Maces & Flails
  2969 | D:5      | Entered Level 5 of the Dungeon
  2979 | D:5      | Identified the +4 ring mail of the Shifting Gods {rN+
                  | Regen+ SInv}
  3032 | D:5      | Reached skill level 5 in Maces & Flails
  3032 | D:5      | Reached XP level 8. HP: 61/65 MP: 3/8
  3064 | D:5      | Found a staircase to the Ecumenical Temple.
  3198 | D:5      | Reached skill level 3 in Armour
  3263 | D:5      | Noticed a yak
  3270 | D:5      | Noticed a yak
  3271 | D:5      | Noticed a yak
  3272 | D:5      | Noticed a yak
  3284 | D:5      | Killed a yak
  3285 | D:5      | Reached skill level 6 in Maces & Flails
  3289 | D:5      | Killed a yak
  3290 | D:5      | Reached skill level 4 in Armour
  3293 | D:5      | Killed a yak
  3300 | D:5      | Killed a yak
  3301 | D:5      | Reached skill level 7 in Maces & Flails
  3301 | D:5      | Reached skill level 5 in Armour
  3301 | D:5      | Reached XP level 9. HP: 71/71 MP: 6/9
  3810 | D:6      | Reached skill level 3 in Dodging
  3972 | D:6      | Reached skill level 8 in Maces & Flails
  3977 | D:6      | Found an ancient bone altar of Kikubaaqudgha.
  4010 | D:6      | Noticed Cheops's ghost (novice FoFi)
  4079 | D:6      | Found a hide-covered altar of Uskayaw.
  4079 | D:6      | Noticed a +0 falchion
  4079 | D:6      | Noticed a +0 dagger
  4079 | D:6      | Noticed a +0 spear
  4080 | D:6      | Noticed a +0 short sword
  4081 | D:6      | Noticed a +0 short sword
  4082 | D:6      | Noticed a +0 falchion
  4082 | D:6      | Noticed a +0 dagger
  4082 | D:6      | Noticed a +0 spear
  4314 | D:6      | Reached skill level 4 in Dodging
  4369 | D:6      | Found a runed translucent door.
  4391 | D:6      | Killed Cheops's ghost
  4392 | D:6      | Reached skill level 9 in Maces & Flails
  4392 | D:6      | Reached skill level 5 in Dodging
  4474 | D:7      | Found a flagged portal.
  4479 | D:7      | Reached XP level 10. HP: 77/77 MP: 8/10
  4587 | D:7      | Identified the +2 short sword "Joshru" {flame, rC++}
  4673 | Bailey   | Entered a bailey
  4774 | Bailey   | Reached skill level 1 in Shields
  4908 | Bailey   | Reached skill level 2 in Shields
  4922 | Bailey   | Reached **** piety under Trog
  5060 | Bailey   | Reached skill level 10 in Maces & Flails
  5060 | Bailey   | Reached skill level 3 in Shields
  5168 | Bailey   | Noticed an orc warlord
  5194 | Bailey   | Killed an orc warlord
  5195 | Bailey   | Reached skill level 2 in Evocations
  5200 | Bailey   | HP: 10/115 [orc warrior/+0 broad axe (9)]
  5213 | Bailey   | Reached skill level 3 in Evocations
  5329 | Bailey   | Acquired the ring of Trepidation {rF+ rN+ Dex+3}
  5552 | D:7      | Found a blossoming altar of Fedhas.
  5779 | D:7      | Reached skill level 1 in Axes
  6133 | D:8      | Reached skill level 4 in Evocations
  6153 | D:8      | Reached skill level 2 in Axes
  6220 | D:8      | Acquired the amulet "Sabonuop" {Faith -Cast Fly rElec}
  6294 | D:8      | Reached XP level 11. HP: 83/83 MP: 11/11
  6556 | D:8      | Reached skill level 3 in Axes
  6706 | D:8      | Reached skill level 5 in Evocations
  6959 | D:9      | Identified the +4 plate armour of Muzaegeh {rF+ rN+ Int+3
                  | Slay-3}
  7099 | D:9      | Reached skill level 4 in Axes
  7120 | D:9      | Reached skill level 6 in Evocations
  7128 | D:9      | Reached skill level 5 in Axes
  7231 | D:9      | Found a staircase to the Lair.
  7722 | D:10     | Entered Level 10 of the Dungeon
  7729 | D:10     | Found a white marble altar of Elyvilon.
  7994 | D:10     | Found Zuoschala's Weapon Boutique.
  8143 | D:10     | Found a runed translucent door.
  8143 | D:10     | Noticed a fire dragon
  8143 | D:10     | Found the +2 shield of Resistance {rF++ rC++ Will++}
  8143 | D:10     | Noticed an ice dragon
  8144 | D:10     | Noticed a fire dragon
  8144 | D:10     | Noticed an ice dragon
  8146 | D:10     | Found a runed translucent door.
  8194 | D:10     | Reached ***** piety under Trog
  8219 | D:10     | Reached skill level 7 in Evocations
  8323 | D:10     | Noticed a two-headed ogre
  8330 | D:10     | Killed a two-headed ogre
  8331 | D:10     | Reached skill level 6 in Axes
  8824 | D:11     | Noticed a cyclops
  8832 | D:11     | Killed a cyclops
  8877 | D:11     | Noticed a deep elf pyromancer
  8899 | D:11     | Noticed an orc sorcerer
  8920 | D:11     | Killed an orc sorcerer
  8921 | D:11     | Reached skill level 7 in Axes
  8921 | D:11     | Reached skill level 8 in Evocations
  8924 | D:11     | Killed a deep elf pyromancer
  8940 | D:11     | Reached XP level 12. HP: 89/89 MP: 12/12
  8988 | D:11     | Noticed Erica
  8999 | D:11     | Killed Erica
  9000 | D:11     | Reached skill level 8 in Axes
  9173 | D:11     | Found a shimmering blue altar of Sif Muna.
  9188 | D:11     | Reached skill level 9 in Evocations
  9204 | D:11     | Noticed a deep elf annihilator
  9204 | D:11     | Noticed a deep elf sorcerer
  9206 | D:11     | Noticed Fannar
  9211 | D:11     | Killed Fannar
  9515 | D:11     | Found a runed translucent door.
  9519 | D:11     | Noticed Doxiuhun's ghost (journeyman GnSk)
  9737 | D:10     | Killed an ice dragon
  9994 | D:11     | Reached skill level 9 in Axes
 10012 | D:11     | Reached skill level 10 in Evocations
 10106 | D:11     | Killed a deep elf annihilator
 10257 | D:11     | Killed a deep elf sorcerer
 10390 | D:11     | Reached skill level 10 in Axes
 10413 | D:11     | Noticed a sun demon
 10549 | D:12     | Reached skill level 6 in Dodging
 10922 | D:12     | Noticed Jorgrun
 10933 | D:12     | Killed Jorgrun
 10934 | D:12     | Reached skill level 4 in Shields
 10934 | D:12     | Reached XP level 13. HP: 80/95 MP: 13/13
 11041 | D:12     | Found Byfapsym's Blood Bar.
 11081 | D:11     | Reached skill level 7 in Dodging
 11167 | D:12     | Reached skill level 5 in Shields
 11535 | D:12     | Found a staircase to the Orcish Mines.
 11554 | D:12     | Reached skill level 6 in Shields
 11619 | Orc:1    | Entered Level 1 of the Orcish Mines
 11629 | Orc:1    | Reached skill level 8 in Dodging
 11929 | Orc:2    | Entered Level 2 of the Orcish Mines
 12209 | Orc:2    | Found a staircase to the Elven Halls.
 12360 | Orc:2    | Received a gift from Trog
 12417 | Orc:2    | Reached skill level 7 in Shields
 12474 | Orc:2    | Found a runed translucent gate.
 12474 | Orc:2    | Found a runed translucent gate.
 12478 | Orc:2    | Found a runed translucent gate.
 12479 | Orc:2    | Noticed a merfolk impaler
 12479 | Orc:2    | Noticed a merfolk javelineer
 12481 | Orc:2    | Noticed Taul's ghost (journeyman MiFi)
 12485 | Orc:2    | Found an iron altar of Okawaru.
 12866 | Orc:2    | Reached skill level 8 in Shields
 13507 | Orc:2    | Reached skill level 9 in Shields
 13652 | Orc:2    | Found Vesif's Book Shoppe.
 13652 | Orc:2    | Found Dytozxuem's General Store.
 13652 | Orc:2    | Found Votzeuhi's Jewellery Boutique.
 13664 | Orc:2    | Found Acogh's General Store.
 13687 | Orc:2    | Bought the +0 scale mail of the Bull {rPois rN++ Dex-2
                  | Stlth+} for 340 gold pieces
 13687 | Orc:2    | Bought a scroll of teleportation for 42 gold pieces
 13704 | Orc:2    | Bought the ring of Henotheism {rF+ SInv} for 434 gold
                  | pieces
 13788 | Orc:2    | Bought a scroll of enchant weapon for 105 gold pieces
 13946 | Lair:1   | Entered Level 1 of the Lair of Beasts
 14093 | Lair:1   | Identified the +8 ring mail "Resso" {rElec}
 14198 | Lair:1   | Received a gift from Trog
 14241 | Lair:1   | Reached skill level 10 in Shields
 14397 | Lair:1   | Reached XP level 14. HP: 101/101 MP: 14/14
 15058 | Lair:2   | Reached skill level 11 in Axes
 15306 | Lair:2   | Found a hole to the Spider Nest.
 15417 | Lair:2   | Reached skill level 12 in Axes
 15841 | Lair:3   | Found a staircase to the Swamp.
 16160 | Lair:3   | Noticed Rupert
 16171 | Lair:3   | Killed Rupert
 16406 | D:10     | Reached skill level 13 in Axes
 18269 | Lair:4   | Reached skill level 14 in Axes
 18322 | Lair:4   | Found a runed translucent door.
 18323 | Lair:4   | Found a viscous altar of Jiyva.
 18323 | Lair:4   | Found a staircase to the Slime Pits.
 18323 | Lair:4   | Noticed an azure jelly
 18323 | Lair:4   | Noticed an azure jelly
 18323 | Lair:4   | Noticed an azure jelly
 18673 | Lair:4   | Reached skill level 7 in Fighting
 18673 | Lair:4   | Reached skill level 6 in Armour
 19049 | Lair:5   | Entered Level 5 of the Lair of Beasts
 19270 | Lair:5   | Reached skill level 1 in Throwing
 19270 | Lair:5   | Reached XP level 15. HP: 109/109 MP: 15/15
 19314 | Lair:5   | Reached skill level 7 in Armour
 19352 | Lair:5   | Found a transporter.
 19358 | Lair:5   | Noticed kmckee's ghost (journeyman HOFi)
 19359 | Lair:5   | Found a transporter.
 19686 | Lair:5   | Reached skill level 2 in Throwing
 19867 | Lair:5   | Reached skill level 8 in Fighting
 20069 | Lair:5   | Received a gift from Trog
 20106 | Lair:5   | Reached skill level 8 in Armour
 20260 | Lair:5   | Reached skill level 3 in Throwing
 20572 | Lair:5   | Reached skill level 4 in Throwing
 20947 | Lair:3   | Reached skill level 9 in Fighting
 20947 | Lair:3   | Reached skill level 1 in Stealth
 21198 | Lair:1   | Upgraded the game from 0.31-b1-17-gcfd88c8481 to
                  | 0.31-b1-18-g61460d1e46
 21573 | D:13     | Reached ****** piety under Trog
 21573 | D:13     | Received a gift from Trog
 21587 | D:13     | Reached skill level 2 in Stealth
 21728 | D:13     | Found a transporter.
 21728 | D:13     | Noticed Liimbo's ghost (journeyman FoWn)
 21953 | D:13     | Noticed Urug
 21969 | D:13     | Killed Urug
 21972 | D:13     | Reached skill level 5 in Throwing
 22141 | D:13     | Found a transporter.
 22318 | D:13     | Found a broken altar of Ashenzari.
 22808 | D:14     | Reached skill level 3 in Stealth
 23067 | D:14     | Found a gate to the Vaults.
 23099 | D:14     | Reached skill level 10 in Fighting
 23503 | D:14     | Received a gift from Trog
 23553 | D:14     | Reached skill level 6 in Throwing
 23804 | D:14     | Reached XP level 16. HP: 124/124 MP: 16/16
 24061 | D:15     | Entered Level 15 of the Dungeon
 24726 | D:15     | Reached skill level 15 in Axes
 25109 | D:15     | Noticed Louise
 25123 | D:15     | Killed Louise
 25310 | D:15     | Identified the +7 double sword of Evil {antimagic, rF-
                  | Will- Dex+8} (Trog gifted it to you on level 15 of the
                  | Dungeon)
 25310 | D:15     | Received a gift from Trog
 25336 | D:15     | Reached skill level 16 in Axes
 25488 | D:15     | Reached skill level 11 in Evocations
 25728 | D:15     | Found a staircase to the Depths.
 25743 | D:15     | Reached skill level 9 in Dodging
 25986 | D:11     | Killed Doxiuhun's ghost
 26174 | Orc:2    | Killed Taul's ghost
 26187 | Orc:2    | Identified the +1 robe "Jeraedif" {*Slow rPois rF+}
 26193 | Orc:2    | Identified the +8 broad axe "Zyoleola" {speed, rN+}
 26240 | Elf:1    | Entered Level 1 of the Elven Halls
 26778 | Spider:1 | Entered Level 1 of the Spider Nest
 27041 | Spider:1 | Reached skill level 10 in Dodging
 27050 | Spider:1 | Reached skill level 12 in Evocations
 27423 | Spider:1 | Identified the ring "Pozeoj" {rC+ Str+6}
 27537 | Spider:1 | Reached XP level 17. HP: 98/130 MP: 17/17
 28945 | Spider:2 | Reached skill level 9 in Armour
 29640 | Spider:2 | Reached skill level 10 in Armour
 30576 | Spider:3 | Reached skill level 11 in Armour
 30727 | Spider:3 | HP: 14/195 [demonic crawler (7)]
 31484 | Spider:4 | Entered Level 4 of the Spider Nest
 31484 | Spider:4 | Noticed Nikola
 31498 | Spider:4 | Received a gift from Trog
 31665 | Spider:4 | Noticed Mlioglotl
 31680 | Spider:4 | Killed Mlioglotl
 31715 | Spider:4 | Reached skill level 12 in Armour
 31724 | Spider:4 | Noticed Agnes
 31732 | Spider:4 | HP: 6/130 [pharaoh ant (13)]
 31744 | Spider:4 | HP: 12/130 [meliai/divine providence (11)]
 32292 | Spider:4 | Reached skill level 13 in Armour
 32873 | Spider:4 | Reached XP level 18. HP: 130/136 MP: 18/18
 32902 | Spider:4 | Identified the +8 war axe of Nydunwok {flame, rElec rC+
                  | Will++ Dex-2} (Trog gifted it to you on level 4 of the
                  | Spider Nest)
 32902 | Spider:4 | Received a gift from Trog
 32942 | Spider:4 | Killed Agnes
 32952 | Spider:4 | Reached skill level 14 in Armour
 32972 | Spider:4 | Got a gossamer rune of Zot
 33949 | Spider:4 | Killed Nikola
 33950 | Spider:4 | Reached skill level 15 in Armour
 34415 | Spider:4 | Identified the +0 pair of boots of Eneu {rF+ rC- rCorr
                  | Int+2}
 34570 | Swamp:1  | Entered Level 1 of the Swamp
 34804 | Swamp:1  | Noticed Kirke
 34822 | Swamp:1  | Killed Kirke
 34840 | Swamp:1  | Reached skill level 7 in Throwing
 35284 | Swamp:1  | Reached skill level 8 in Throwing
 35943 | Swamp:2  | Identified the serpent talisman of the Bursting Gods
                  | {Int+2}
 35943 | Swamp:2  | Noticed Aizul
 35975 | Swamp:2  | Killed Aizul
 36108 | Swamp:2  | Noticed Roxanne
 36158 | Swamp:2  | Reached skill level 9 in Throwing
 37175 | Swamp:3  | Identified the +1 broad axe of Ykluef {drain, rElec rC+
                  | Dex+3}
 37257 | Swamp:3  | Received a gift from Trog
 37281 | Swamp:3  | Reached skill level 10 in Throwing
 37506 | Swamp:3  | Upgraded the game from 0.31-b1-18-g61460d1e46 to
                  | 0.31-b1-20-g67cafac56d
 37574 | Swamp:4  | Entered Level 4 of the Swamp
 37888 | Swamp:4  | Reached skill level 11 in Throwing
 38336 | Swamp:4  | Reached XP level 19. HP: 93/142 MP: 19/19
 38619 | Swamp:4  | Reached skill level 12 in Throwing
 38827 | Swamp:4  | Received a gift from Trog
 38930 | Swamp:4  | Noticed the 27-headed Lernaean hydra
 39071 | Swamp:4  | Killed the 26-headed Lernaean hydra
 39072 | Swamp:4  | Reached skill level 13 in Throwing
 39280 | Swamp:4  | Got a decaying rune of Zot
 40009 | Elf:1    | Found a portal to a secret trove of treasure.
 40071 | Elf:1    | Noticed Zenata
 40328 | Vaults:1 | Entered Level 1 of the Vaults
 40999 | Vaults:1 | Reached skill level 11 in Fighting
 41211 | Vaults:1 | Noticed Donald
 41223 | Vaults:1 | Killed Donald
 41268 | Vaults:1 | Found the ring of the Mage {Wiz Archmagi}
 41604 | Vaults:1 | Received a gift from Trog
 41738 | Vaults:1 | Noticed Saint Roka
 41746 | Vaults:1 | Saint Roka changed into Saint Roka the green very ugly
                  | thing
 41746 | Vaults:1 | Noticed Saint Roka
 41760 | Vaults:1 | Killed Saint Roka the green very ugly thing
 41921 | Vaults:1 | Reached skill level 12 in Fighting
 42413 | Vaults:1 | Reached skill level 13 in Fighting
 42500 | Vaults:1 | You are sucked into a shaft and drop 1 floor!
 42604 | Vaults:2 | Reached XP level 20. HP: 126/157 MP: 20/20
 42648 | Vaults:2 | Received a gift from Trog
 43108 | Vaults:2 | Paralysed by a formless jellyfish for 1 turns
 43113 | Vaults:2 | Reached skill level 14 in Fighting
 44054 | Vaults:2 | Reached skill level 15 in Fighting
 44858 | Vaults:3 | Reached skill level 11 in Shields
 44971 | Vaults:3 | Found a runed translucent door.
 45158 | Vaults:3 | Found a shimmering altar of Xom.
 45158 | Vaults:3 | Noticed TuffENuff's ghost (veteran FoFi)
 45227 | Vaults:3 | Received a gift from Trog
 45248 | Vaults:3 | Reached skill level 12 in Shields
 45823 | Vaults:3 | Found a staircase to the Crypt.
 46152 | Vaults:4 | Received a gift from Trog
 46153 | Vaults:4 | Reached skill level 13 in Shields
 46189 | Vaults:4 | Noticed Mara
 46196 | Vaults:4 | Noticed yetimobile's illusion
 46280 | Vaults:4 | Noticed Margery
 46558 | Orc:2    | Bought a lightning rod (4/4) for 560 gold pieces
 46902 | Vaults:4 | Noticed Jory
 46913 | Vaults:4 | Killed Jory
 47438 | Vaults:4 | Reached skill level 14 in Shields
 47596 | Vaults:4 | Reached XP level 21. HP: 168/168 MP: 21/21
 47756 | Vaults:4 | Noticed yetimobile's illusion
 47756 | Vaults:4 | Killed Mara
 48184 | Vaults:4 | Received a gift from Trog
 48223 | Vaults:4 | Reached skill level 14 in Throwing
 48983 | Vaults:4 | Killed Margery
 48984 | Vaults:4 | good grog
 49330 | Depths:1 | Entered Level 1 of the Depths
 49386 | Depths:1 | Reached skill level 15 in Throwing
 49631 | Depths:1 | Found Buegaam's General Store.
 49655 | Depths:1 | Bought the +3 crown of Dyrovepreva {rElec Int+2 SInv} for
                  | 910 gold pieces
 49655 | Depths:1 | Found the +3 crown of Dyrovepreva {rElec Int+2 SInv}
 49668 | Depths:1 | Bought a potion of heal wounds for 110 gold pieces
 49668 | Depths:1 | Bought a scroll of teleportation for 66 gold pieces
 49668 | Depths:1 | Bought a scroll of fear for 88 gold pieces
 49668 | Depths:1 | Found Odwez's Assorted Antiques.
 50529 | Depths:1 | Found a shadowy altar of Dithmenos.
 50769 | Depths:1 | Found a hazy altar of Hepliaklqana.
 50785 | Depths:1 | Reached skill level 16 in Throwing
 51034 | Depths:1 | Found a one-way gate leading to the halls of Pandemonium.
 51117 | Depths:1 | Found a gateway to Hell.
 51202 | Depths:2 | Found a one-way gate to the infinite horrors of the Abyss.
 51286 | Depths:2 | Noticed a golden dragon
 51294 | Depths:2 | Killed a golden dragon
 51301 | Depths:2 | Identified the +8 hand axe of Vashruf {spect, rPois rN+++
                  | Str-3 Stlth+}
 51304 | Depths:2 | Identified the +8 quick blade "Adwom" {heavy, Will+ rCorr
                  | Dex+3} (Trog gifted it to you on level 2 of the Depths)
 51304 | Depths:2 | Received a gift from Trog
 52166 | Depths:2 | Reached skill level 17 in Throwing
 52495 | Depths:2 | Reached XP level 22. HP: 176/176 MP: 22/22
 52540 | Depths:2 | Found Ryfuz's Magic Scroll Shoppe.
 52558 | Depths:2 | Bought a scroll of blinking for 112 gold pieces
 52558 | Depths:2 | Bought a scroll of blinking for 112 gold pieces
 53095 | Depths:3 | Identified the +2 hand axe of the Ancient Mice {protect,
                  | rPois}
 53098 | Depths:3 | Noticed a caustic shrike
 53098 | Depths:3 | Noticed a caustic shrike
 53099 | Depths:3 | Noticed a caustic shrike
 53109 | Depths:3 | Killed a caustic shrike
 53110 | Depths:3 | Reached skill level 16 in Fighting
 53118 | Depths:3 | Noticed a caustic shrike
 53120 | Depths:3 | Killed a caustic shrike
 53133 | Depths:3 | Killed a caustic shrike
 53135 | Depths:3 | Noticed a caustic shrike
 53163 | Depths:3 | Found a shimmering altar of Xom.
 53183 | Depths:3 | Identified the orb "Kofil" {*channel, +Blink Regen+ Int-2
                  | Stlth-}
 53183 | Depths:3 | Noticed Frederick
 53935 | Depths:3 | Reached skill level 13 in Evocations
 53938 | Depths:3 | Noticed a golden dragon
 54327 | Depths:3 | Reached skill level 14 in Evocations
 54659 | Depths:3 | Noticed a juggernaut
 54676 | Depths:3 | Killed a juggernaut
 54677 | Depths:3 | Reached skill level 11 in Dodging
 55189 | Depths:3 | Found a one-way gateway to a ziggurat.
 55295 | Depths:3 | Killed Frederick
 55296 | Depths:3 | Reached skill level 12 in Dodging
 55332 | Depths:3 | Killed a caustic shrike
 55361 | Depths:3 | Killed a caustic shrike
 55408 | Depths:3 | Reached skill level 13 in Dodging
 55614 | Depths:3 | Received a gift from Trog
 55630 | Depths:3 | Reached XP level 23. HP: 184/184 MP: 23/23
 55713 | Depths:3 | Found a shimmering blue altar of Sif Muna.
 55805 | Depths:4 | Entered Level 4 of the Depths
 55853 | Depths:4 | Reached skill level 14 in Dodging
 55898 | Depths:4 | Noticed a caustic shrike
 56013 | Depths:3 | Killed a golden dragon
 56117 | Depths:4 | Noticed a caustic shrike
 56117 | Depths:4 | Noticed a caustic shrike
 56117 | Depths:4 | Noticed a golden dragon
 56118 | Depths:4 | Noticed a caustic shrike
 56119 | Depths:4 | Noticed a caustic shrike
 56305 | Depths:2 | Acquired the scarf "Muwurph" {harm, Rampage rElec rC+}
 56424 | D:13     | Killed Liimbo's ghost
 56440 | D:13     | Gained mutation: Your spells are a little harder to cast,
                  | but a little more powerful. [potion of mutation]
 56549 | Orc:2    | Bought a scroll of teleportation for 33 gold pieces
 56552 | Orc:2    | Bought a potion of curing for 42 gold pieces
 56552 | Orc:2    | Bought a wand of iceblast (2) for 67 gold pieces
 56579 | Elf:1    | Zenata changed into Zenata the minotaur
 56579 | Elf:1    | Noticed Zenata
 56586 | Elf:1    | Killed Zenata the minotaur
 56640 | Elf:1    | Paralysed by an air elemental for 1 turns
 56710 | Elf:1    | Reached skill level 15 in Dodging
 56736 | Elf:1    | Identified the granite talisman "Badoc" {Stlth+}
 56752 | Elf:1    | Received a gift from Trog
 57211 | Elf:2    | Found a runed translucent gate.
 57211 | Elf:2    | Found a runed translucent gate.
 57211 | Elf:2    | Found a runed translucent gate.
 57487 | Elf:2    | Reached skill level 16 in Dodging
 57811 | Elf:3    | Entered Level 3 of the Elven Halls
 57849 | Elf:3    | Received a gift from Trog
 58032 | Elf:3    | Found Sakhliohi's Book Shop.
 58689 | Elf:3    | Reached skill level 17 in Dodging
 58781 | Elf:3    | Identified the +1 flail of Action {flame, Will+ MP+9}
 58845 | Elf:3    | Received a gift from Trog
 59082 | Elf:3    | Identified the +4 great sword "Grim Tooth" {freeze, rF-
                  | rCorr Dex+2}
 59087 | Elf:3    | Identified the +1 dagger "Xosinurro" {venom, rPois rN+
                  | Dex+3}
 59144 | Elf:3    | Found the +8 trishula "Condemnation" {holy, anguish, *Noise
                  | Fly rN+}
 59160 | Elf:3    | Identified the +3 robe "Genez" {Fly rCorr Dex-4 Archmagi}
 59222 | Elf:3    | Identified the +4 whip "Gifuxiblaps" {speed, rElec rPois}
 59299 | Elf:3    | Identified the +4 ring mail of Kikubaaqudgha's Esteem
                  | {Rampage *Slow Str+4}
 59319 | Elf:3    | Identified the +4 ring mail of Terrible Liberty {rF- Int+5}
 59932 | Slime:1  | Entered Level 1 of the Pits of Slime
 59974 | Slime:1  | Reached skill level 18 in Dodging
 60029 | Slime:1  | Reached XP level 24. HP: 191/191 MP: 23/23
 60439 | Slime:1  | Identified the +5 lajatang "Ompibifabo" {flame, Str+5
                  | Dex-5} (Trog gifted it to you on level 1 of the Pits of
                  | Slime)
 60439 | Slime:1  | Received a gift from Trog
 61436 | Slime:2  | Gained mutation: You are weak. (Str -2) [a shining eye]
 62070 | Slime:3  | Reached skill level 19 in Dodging
 62494 | Slime:3  | Received a gift from Trog
 62590 | Slime:3  | Reached skill level 4 in Stealth
 62821 | Slime:4  | Reached skill level 5 in Stealth
 63241 | Slime:4  | Reached skill level 6 in Stealth
 63546 | Slime:5  | Entered Level 5 of the Pits of Slime
 63583 | Slime:5  | Reached skill level 7 in Stealth
 63650 | Slime:5  | Reached skill level 8 in Stealth
 63793 | Slime:4  | Received a gift from Trog
 64091 | Slime:5  | Reached skill level 9 in Stealth
 64240 | Slime:5  | Found the +1 robe of Vines {NoPotionHeal Regen++++}
 64280 | Slime:5  | Reached skill level 10 in Stealth
 64286 | Slime:5  | Gained mutation: Your flesh is heat resistant. (rF+) [a
                  | shining eye]
 64288 | Slime:5  | Gained mutation: Your magical capacity is low. (-10% MP) [a
                  | shining eye]
 64289 | Slime:5  | Gained mutation: Potions are less effective at restoring
                  | your health. [a shining eye]
 64338 | Slime:5  | Paralysed by a formless jellyfish for 1 turns
 64569 | Slime:5  | Found a viscous altar of Jiyva.
 64573 | Slime:5  | Found the +5 moon troll leather armour {Spirit, Regen++
                  | MP+5}
 64597 | Slime:5  | Reached skill level 11 in Stealth
 64879 | Slime:5  | Noticed the Royal Jelly
 64929 | Slime:5  | Killed the Royal Jelly
 65100 | Slime:5  | Identified the +0 leather armour of Death's Door {Harm
                  | Str+5}
 65134 | Slime:5  | Identified the +1 morningstar of the Big Fish {freeze,
                  | ^Drain rN+++ MP+9 Stlth-}
 65154 | Slime:5  | Got a slimy rune of Zot
 65163 | Slime:5  | Identified the +1 ice dragon scales of Disappointment {rF-
                  | rC++ Regen+ Int+2}
 65693 | Elf:1    | You showed the slimy rune of Zot to enter a treasure trove
 65694 | Trove    | Entered a treasure trove
 65696 | Trove    | Found the +15 Maxwell's patent armour {-Cast -Tele rElec
                  | Will+ rCorr}
 65705 | Trove    | Identified the +4 plate armour "Rejown" {Rampage rF+ MP+9
                  | Dex+2}
 65709 | Trove    | Identified the +0 ring mail of Defiance {Stlth+}
 65713 | Trove    | Identified the +8 chain mail "Viymef" {rElec rC- Dex+2
                  | SInv}
 65715 | Trove    | Identified the +8 storm dragon scales "Giup" {rElec rF+
                  | Dex+3}
 65717 | Trove    | Identified the +2 kite shield "Joebboeff" {Fly Dex+2
                  | Slay-2}
 65719 | Trove    | Identified the +0 helmet of the Stars {MP+9 Dex+2}
 65781 | Elf:1    | Acquired a manual of Polearms
 66193 | Depths:4 | Noticed a caustic shrike
 66193 | Depths:4 | Noticed a caustic shrike
 66193 | Depths:4 | Noticed a caustic shrike
 66194 | Depths:4 | Noticed a caustic shrike
 66197 | Depths:4 | Killed a caustic shrike
 66203 | Depths:4 | Killed a caustic shrike
 66204 | Depths:4 | Killed a caustic shrike
 66208 | Depths:4 | Killed a caustic shrike
 66211 | Depths:4 | Killed a caustic shrike
 66212 | Depths:4 | Reached skill level 15 in Shields
 66342 | Depths:4 | Found a gate to the Realm of Zot.
 66364 | Depths:4 | Reached skill level 2 in Polearms
 66364 | Depths:4 | Reached XP level 25. HP: 197/197 MP: 20/20
 66369 | Depths:4 | Reached skill level 3 in Polearms
 66375 | Depths:4 | Reached skill level 4 in Polearms
 66428 | Depths:4 | Reached skill level 5 in Polearms
 66522 | Depths:4 | Reached skill level 6 in Polearms
 66545 | Depths:4 | Reached skill level 7 in Polearms
 66549 | Depths:4 | Reached skill level 8 in Polearms
 66555 | Depths:4 | Reached skill level 9 in Polearms
 66582 | Depths:4 | Reached skill level 10 in Polearms
 66884 | Depths:4 | Reached skill level 11 in Polearms
 67073 | Depths:4 | Identified the +3 helmet of Histrionic Mirth {rN+ Int+2}
 67098 | Zot:1    | Entered Level 1 of the Realm of Zot
 67367 | Vaults:5 | Entered Level 5 of the Vaults
 67367 | Vaults:5 | Found the +7 sceptre of Torment {pain, torment}
 67372 | Vaults:5 | Received a gift from Trog
 67382 | Vaults:5 | Noticed an ancient lich
 67391 | Vaults:5 | Reached skill level 17 in Fighting
 67410 | Vaults:5 | Killed an ancient lich
 67660 | Vaults:5 | Noticed a dread lich
 67666 | Vaults:5 | Noticed an ancient lich
 67687 | Vaults:5 | Got a silver rune of Zot
 67748 | Vaults:5 | Reached skill level 18 in Fighting
 67879 | Vaults:5 | Received a gift from Trog
 67928 | Vaults:5 | Killed a dread lich
 68104 | Vaults:5 | Reached skill level 19 in Fighting
 68229 | Vaults:5 | Identified the +12 great sword of the Salmon {flame, rF+
                  | rCorr Str+2}
 68282 | Vaults:5 | Noticed a dread lich
 68290 | Vaults:5 | Killed a dread lich
 68291 | Vaults:5 | Reached XP level 26. HP: 216/216 MP: 20/20
 68338 | Vaults:5 | Identified the ring "Gyghuesk" {Fire +Blink rCorr Str-3}
 68353 | Vaults:5 | rude
 68628 | Vaults:5 | Reached skill level 20 in Fighting
 68949 | Vaults:5 | Found the brooch of Shielding {Spirit SH+8}
 69036 | Vaults:5 | Killed an ancient lich
 69448 | Vaults:5 | Upgraded the game from 0.31-b1-20-g67cafac56d to
                  | 0.31-b1-22-gc680215f68
 69702 | Depths:2 | Voluntarily entered the Abyss.
 69739 | Abyss:3  | Found a corrupted altar of Lugonu.
 69739 | Abyss:3  | Found a corrupted altar of Lugonu.
 69796 | Abyss:3  | Received a gift from Trog
 70007 | Depths:2 | Escaped the Abyss
 70217 | Depths:2 | Voluntarily entered the Abyss.
 70270 | Abyss:3  | Reached skill level 21 in Fighting
 70639 | Abyss:3  | Gained mutation: You sometimes lose your temper in combat.
                  | [a cacodemon]
 70641 | Abyss:3  | Gained mutation: Potions cannot restore your health. [a
                  | cacodemon]
 70901 | Abyss:3  | Received a gift from Trog
 70933 | Depths:2 | Escaped the Abyss
 71277 | Depths:2 | Voluntarily entered the Abyss.
 71336 | Abyss:3  | Reached skill level 22 in Fighting
 71682 | Abyss:3  | Noticed an ancient lich
 71696 | Abyss:3  | Killed an ancient lich
 71877 | Abyss:3  | Reached skill level 23 in Fighting
 71886 | Abyss:3  | Received a gift from Trog
 71915 | Abyss:3  | Found a corrupted altar of Lugonu.
 71991 | Abyss:3  | Paralysed by accursed screaming for 2 turns
 72000 | Abyss:3  | Reached XP level 27. HP: 147/235 MP: 20/20
 72125 | Abyss:3  | Received a gift from Trog
 72196 | Abyss:3  | Got an abyssal rune of Zot
 72211 | Abyss:3  | Found a shadowy altar of Dithmenos.
 72320 | Abyss:3  | Found a shadowy altar of Dithmenos.
 72432 | Abyss:3  | Found a corrupted altar of Lugonu.
 72437 | Abyss:3  | Found a corrupted altar of Lugonu.
 72512 | Depths:2 | Escaped the Abyss
 72683 | Depths:1 | Bought a scroll of enchant weapon for 337 gold pieces
 73291 | Zot:1    | Reached skill level 18 in Throwing
 73892 | Zot:1    | Received a gift from Trog
 74134 | Zot:2    | Noticed an orb of fire
 74138 | Zot:2    | Gained mutation: You are vulnerable to cold. (rC-) [an orb
                  | of fire]
 74144 | Zot:2    | Killed an orb of fire
 74145 | Zot:2    | Reached skill level 19 in Throwing
 74148 | Zot:2    | now we rage
 74548 | Zot:2    | sigh
 74554 | Zot:2    | HP: 17/237 [death cob (9)]
 74556 | Zot:2    | no heal boo
 74559 | Zot:2    | HP: 20/237 [quicksilver dragon/bolt of dispelling energy
                  | (2)]
 74573 | Zot:2    | HP: 18/237 [death cob (15)]
 74575 | Zot:2    | HP: 7/237 [death cob (8)]
 74577 | Zot:2    | shoulda charmed earlier
 74578 | Zot:2    | boo
 74580 | Zot:2    | HP: 11/237 [red draconian scorcher/damnation (26)]
 74584 | Zot:2    | what
 74657 | Zot:2    | Noticed an orb of fire
 74663 | Zot:2    | Killed an orb of fire
 74664 | Zot:2    | Reached skill level 20 in Throwing
 74997 | Zot:2    | Received a gift from Trog
 75345 | Zot:2    | Found a transporter.
 75914 | Zot:2    | Noticed an orb of fire
 75923 | Zot:2    | Gained mutation: You are frail. (-10% HP) [an orb of fire]
 75924 | Zot:2    | Reached skill level 21 in Throwing
 75929 | Zot:2    | Gained mutation: You occasionally shout uncontrollably at
                  | your foes. [an orb of fire]
 75930 | Zot:2    | Killed an orb of fire
 76431 | Spider:1 | Lost mutation: Your spells are a little harder to cast, but
                  | a little more powerful. [potion of mutation]
 76431 | Spider:1 | Lost mutation: You are weak. (Str -2) [potion of mutation]
 76431 | Spider:1 | Gained mutation: Your flesh is very heat resistant. (rF++)
                  | [potion of mutation]
 76535 | Spider:4 | Lost mutation: You are frail. (-10% HP) [potion of
                  | mutation]
 76535 | Spider:4 | Lost mutation: Your flesh is very heat resistant. (rF++)
                  | [potion of mutation]
 76535 | Spider:4 | Lost mutation: You occasionally shout uncontrollably at
                  | your foes. [potion of mutation]
 76535 | Spider:4 | Gained mutation: You are partially covered in iridescent
                  | scales. (AC +2) [potion of mutation]
 77011 | Zot:2    | Identified the +5 long sword "Giantslayer" {drain, rF+}
 77146 | Zot:2    | Found a faded altar of an unknown god.
 77150 | Zot:2    | Identified the +1 ring mail "Huwups" {rF+}
 77576 | Zot:3    | Found a transporter.
 77605 | Zot:3    | Found a transporter.
 77620 | Zot:3    | Found a transporter.
 77829 | Zot:3    | Received a gift from Trog
 77869 | Zot:3    | Found a transporter.
 77951 | Zot:5    | Entered Level 5 of the Realm of Zot
 77966 | Zot:5    | Reached skill level 22 in Throwing
 78201 | Zot:5    | Noticed an ancient lich
 78215 | Zot:5    | Killed an ancient lich
 78275 | Zot:5    | Noticed an orb of fire
 78275 | Zot:5    | Gained mutation: Armour fits poorly on your strangely
                  | shaped body. [an orb of fire]
 78279 | Zot:5    | Killed an orb of fire
 78354 | Zot:5    | Noticed an orb of fire
 78357 | Zot:5    | Killed an orb of fire
 78358 | Zot:5    | Reached skill level 23 in Throwing
 78490 | Zot:5    | Noticed an orb of fire
 78491 | Zot:5    | Gained mutation: You are clumsy. (Dex -2) [an orb of fire]
 78494 | Zot:5    | Gained mutation: You passively map a small area around you.
                  | [an orb of fire]
 78495 | Zot:5    | Killed an orb of fire
 78506 | Zot:5    | Noticed an ancient lich
 78516 | Zot:5    | Killed an ancient lich
 78840 | Zot:5    | Received a gift from Trog
 78947 | Zot:5    | Got the Orb of Zot
 79032 | Zot:4    | Reached skill level 24 in Throwing
 79224 | Depths:4 | Noticed Vianow the pandemonium lord
 79224 | Depths:4 | Noticed an ancient lich
 79232 | Depths:4 | Killed Vianow the pandemonium lord
 79241 | Depths:4 | Killed an ancient lich
 79454 | D:12     | Noticed Ado Xeo the pandemonium lord
 79713 | D:2      | Noticed Odghebikk the pandemonium lord
 79717 | D:2      | Killed Odghebikk the pandemonium lord
 79740 | D:$      | Escaped with the Orb!

Illustrated notes #.. #.. #.. #.. ######## #.. #......# #.. #####...############'# #.###..###.#.......... #..##p.##..'.......... #.....C#...#.......... #.....%')~~#.......... #..##.~##~.#.......... #.###..###.#.......... ####....####.......... #......# #.......... ######## #.......... #.......... Turn 48984 on Vaults:4: good grog

***********##**#######....))....#
,,,,****,,...#*##.........).....#
,,,,,**,,,....##.......#........#
,**,,,,,,**#......##..%#....###..
****,,,,**,*#.?..####..#....###..
****,,,,+,,,#....####..#....##...
,**,,,,,**,##.....##...#....#*,,.
,,,,,,,,,###.......)..##....#*,,.
,,,,,,,,,.....p.p....###....#*,,,
,,***,,,,....OO.#+#..#*#....#*,,,
,**,**,,,..O...##:##..##....#*,,,
,*,,,+,,,......*[).#...#....#*,,,
,**,**,,,..DO.,##.##..##,,,,**,,,
,,***,,,,.....,,###..##*,,,,**,,,
,,,,,,,,,.O..,,,,,,,.#**,,,,**,,,
,,,,,,,,,###.,,,,,,,,,**,,,,**,,,
,**,,,,,**,**,,,,,**,,,*,,,,**,,,


Turn 68353 on Vaults:5: rude .#####.#########.# .................####
.#####.........#....# .#####.#######.####.# .......# #.#....# ...^#...
#.#.###### ....+... #.#C.# .. ....#.... #.#..#.##### ....##+#. #.#p[..[.d((
<...# .# #.####.#.C(. .....# #.. .# .. .....# . +#+#}..# ## .### .# # .# .# Turn
74148 on Zot:2: now we rage #.#.##..#~# ..#.##..#~# #....# ..#.#..##~# 00.0#
..#.#..#0# .0~0## #...#..#0# #000. #####..#0# #~.~## ##.##~# # 0~~~## #..#~# #~
#qq0q# #..#~# ##~##p~~.# #..#~####~~#0~#~.# #..#0##~~###.....#
##.##00###......## ##%.####)...)..0# #...'..[)#.(.#### #^#.'.%..).###~~#
#...'....###~~### ......'...##~~### Turn 74548 on Zot:2: sigh
.......#.....'.)#..~~~~~~#####~~0 .#####+#.....##.#)~#######0~~####
.[.).........##.%.## ##### .#............#...~# # .#.......##'#.#...##~#
.......####.#.#...#~# .##....# #.#.##C0#~# ..'...... ..#.##00#~# #....#
+##......#..#.#0p##~# 00.0# #.........#.#0z#~# .0~0## #.......#...#0D#~# #000.
..#####00#~# #~.~## ##.##~# # 0~~~## #..#~# #~ #~~0q# #..#~# ##~##0~~.#
#..#~####~~#0q#q.# #D.#~##~~###...q.# Turn 74556 on Zot:2: no heal boo ###
#####.# .....)#### ....#....# ######### ###.####.# ###........ #.#....#
########..[...##.. #.#.##########.....##.#...0....
#.#..#.......#z..q.'.)#..0~~~~~ #.#..#.#####+#pqC..##.#)0######
#q#.[..q.).........##0%0## #.####.#............#q..~# # #..
...#.......##'#.#T..##0# .<.........####.#.#000#0# .......##....# #.#.##qz#0#
#.......'...... ..#.##00#~# #. .#####+##......#..#.#00##~# 0 #.........#.#0z#~#
. Turn 74577 on Zot:2: shoulda charmed earlier #... #.#.##########.....##.#.
+... #.#..#.......#...q.'.)#. #.... #.#..#.#####+#q0C..##.#) ##+#.
#q#.[q.q.)...z.....##0%0 # .# #.####.#......C.....#q.. .#
#..0...#.......##'#.#T.. .# #..<.........####.#.#000 }..# .......##....##
#.#.##qz .### #...q.qpq...... ..#.##00 # .#####+##......#..#.#00#
#.........#.#0z# #.......#...#00# ....#####00# .. ##.## . #..#~ #..#~ #..#~ Turn
74578 on Zot:2: boo #...q..0'.........#.##00#~# #. .#####+##q.....#..#.#00##~# 0
#.........#.#0z#~# . #...C...#...#00#~# # .......#####00#0# # #(z..#####.##~# #
#......##..#~# #~ #......##..#~# ##~# #..p...##..#~####~~# ####+####D.#~##~~###
##.##~0###.. ##z.####)... #...'..[)#.( #^#.'D%..).# #...'....### ......'...##~~
.......#..##~## Turn 74584 on Zot:2: what

Levels and vault maps discovered:
D:1:      dpeg_arrival_castle, layout_loops_cross
D:2:      layout_loops_ring, hellmonk_ecumenical_altar_heavens_door,
          minmay_tetromino_o2
D:3:      layout_loops_ring, mainiacjoe_overflow_alcove_1, serial_shops,
          nicolae_shop_real_fake_doors, uniq_natasha, uniq_robin, uniq_terence
D:4:      layout_basic, nemelex_dance_club_becter
D:5:      layout_loops_ring, minmay_temple_entry_trees
D:6:      layout_basic, marbit_many_paths, nicolae_uskayaw_en_pointe,
          hellmonk_ghost_happy_afterlife
D:7:      layout_loops_corners, mainiacjoe_overflow_alcove_4, enter_bailey_5
D:8:      layout_gridville
D:9:      layout_loops_ring, due_lair_maze_entry_diamond
D:10:     layout_long_grid, elyvilon_altar_5, serial_shops,
          nicolae_shop_bloodbath_and_beyond, minmay_guarded_unrand_resistance
D:11:     evilmike_library_of_no_secrets, layout_rooms,
          ebering_ghost_inner_flame, uniq_fannar, uniq_erica
D:12:     layout_stronghold, orc_0_dummy, chequers_avenue, minmay_holes,
          guppyfry_shop_blood, uniq_jorgrun
D:13:     wad_woods_minihive, layout_irregular_city, gammafunk_ghost_arena,
          ashenzari_altar_1, uniq_urug
D:14:     layout_stronghold, erik_vaults_2, serial_bayou_pond_e
D:15:     hellmonk_depths_entry_around_the_bend, layout_rooms,
          minmay_strange_pillars, uniq_louise
Lair:1:   layout_roguey, infiniplex_staircase_pool_2
Lair:2:   layout_loops_ring, nicolae_spider_entry_tight_spaces,
          grunt_forest_stairs_basic
Lair:3:   minmay_lair_oklob_tunnel, layout_cave_pods, swamp_mist, minivault_11,
          uniq_rupert
Lair:4:   beast_lair_carwin_large_2, layout_regular_city, slime_entry_2,
          infiniplex_staircase_pool, lemuel_fruit_tree
Lair:5:   minmay_lair_end_enchanted_forest, layout_regular_city,
          gammafunk_ghost_arena, st_stairs_4, dpeg_oklob_1
Swamp:1:  layout_basic_swamp, hangedman_swamp_cone, uniq_kirke
Swamp:2:  layout_basic_swamp, evilmike_swamp_ruin_house_5, swamp_pool_4,
          nicolae_swamp_nymph_family_reunion, uniq_aizul, uniq_roxanne
Swamp:3:  layout_falls_marsh, evilmike_swamp_ruin_rubble_2
Swamp:4:  grunt_swamp_rune_castle, layout_basic_swamp
Spider:1: layout_chambers, nicolae_spider_bzzzt
Spider:2: layout_spider_delve
Spider:3: layout_spider_delve
Spider:4: hellmonk_spider_rune_bug_friends, uniq_agnes, uniq_nikola,
          uniq_mlioglotl
Slime:1:  layout_caves
Slime:2:  layout_caves, nicolae_slime_getting_an_eyeful
Slime:3:  layout_caves, nicolae_slime_crime_time
Slime:4:  layout_caves, nicolae_slime_rock_hall_of_fame
Slime:5:  slime_pit_nicolae_amoeboid
Orc:1:    layout_caves
Orc:2:    st_orc_rangers, layout_caves, gammafunk_ghost_fury_of_okawaru,
          nicolae_orc_quarried_blocks
Elf:1:    layout_geoelf_diagonals, enter_trove_6, minmay_elf_necromancy,
          uniq_zenata
Elf:2:    elven_hall_of_blades_hangedman_original
          [nicolae_blade_entry_floor_patterns], layout_geoelf_octagon
Elf:3:    minmay_elf_hall_spiked, layout_rooms, serial_shops, shop_statue,
          st_stairs_3
Vaults:1: nicolae_vaults_door_testing_chamber, nicolae_vaults_big_angled_halls,
          nicolae_vaults_trapezoid_3, nicolae_vaults_double_plus_2,
          nicolae_vaults_network_s, v_misc_27, nicolae_vaults_mitosis,
          v_misc_27, v_misc_24, vaults_room_grunt_arrival_checkpoint,
          nicolae_vaults_tetromino_T_1, vaults_room_door_ring, v_misc_23,
          ontoclasm_vaults_ring_square, layout_vaults_ring, uniq_saint_roka,
          uniq_donald
Vaults:2: nicolae_vaults_circle_grid_b, dpeg_vaults_monster_row,
          nicolae_vaults_little_squares_3, v_rooms_2,
          nicolae_vaults_trapezoid_3, layout_vaults_omnigrid
Vaults:3: ebering_ghost_xom, minmay_crypt_entry_simple_walls, v_alt_pattern_6,
          nicolae_vaults_turnstiles, ontoclasm_vaults_hangar,
          nicolae_vaults_heist, v_misc_4, nicolae_vaults_little_squares_1,
          nicolae_vaults_frosty_reception, grunt_vaults_trifunnel,
          nicolae_vaults_trapezoid_lopsided_4, layout_vaults_omnibox
Vaults:4: serial_library_hellmonk_reading_circle, v_misc_1,
          nicolae_vaults_trapezoid_1, nicolae_vaults_trapezoid_lopsided_1,
          nicolae_vaults_meeting, nicolae_vaults_tetromino_Z_1,
          nicolae_vaults_heart-shaped_vault, grunt_vaults_focal, v_misc_8,
          layout_vaults_big_room, uniq_margery, uniq_mara, uniq_jory
Vaults:5
Depths:1: layout_basic, nicolae_dithmenos_shadow_blocks, rand_demon_pan_entry_9,
          pf_coc_iceberg, nicolae_hepliaklqana_monster_ancestors,
          minmay_shoptagon
Depths:2: minmay_the_grid_octo_triangle [minmay_the_grid_octo_fan_narrow,
          minmay_the_grid_octo_prize_ultimate_mussel_roller,
          minmay_the_grid_octo_horde], layout_honeycomb, abyss_entry,
          hell_entry, grunt_pan_entry_spiral, serial_shops, nicolae_square_shop
Depths:3: cheibrodos_spurs, layout_long_grid, enter_ziggurat_a, hell_entry,
          hangedman_abyss_entry_splay, led_sif_pool,
          minmay_misc_feat_secret_circle, hangedman_glass_teeth,
          kennysheep_doodads, grunt_ministairs_6, led_xom_imps,
          infiniplex_staircase_river, uniq_frederick
Depths:4: grunt_zot_entry_funnels, layout_gridlike, hell_entry,
          minmay_fountain_box, nicolae_abyss_entry_one_way_or_another
Zot:1:    layout_twisted_circle
Zot:2:    regret_index_infernal_bastille, layout_basic, nicolae_diode_basic
Zot:3:    layout_concentric_octagons, regret_index_zotdec_split_disrupt,
          nicolae_transporter_intersection
Zot:4:    layout_basic, grunt_ministairs_11,
          regret_index_zotdec_abyssal_contain_seething_sorcery,
          regret_index_zotdec_wing_it
Zot:5:    layout_basic, gammafunk_ghost_mausoleum

Skill      XL: |  1  2  3  4  5  6  7  8  9 10 11 12 13 14 15 16 17 18 19 20 21 22 23 24 25 26 27 |
---------------+----------------------------------------------------------------------------------+-----
Long Blades    | 4 |  4.3
Fighting       | 4 5 6 7 10 13 15 16 19 23 | 23.9
Maces & Flails | 2 3 5 7 9 10 | 10.7
Armour         | 5 6 8 13 15 | 15.3
Dodging        | 5 6 8 10 13 18 19 | 19.3
Shields        | 3 4 10 14 15 | 15.2
Evocations     | 4 8 10 12 14 | 14.4
Axes           | 2 7 10 14 16 | 16.8
Throwing       | 1 6 11 13 17 24 | 24.7
Stealth        | 3 11 | 11.6
Polearms       | 2 11 | 11.5

Action                     |  1- 3 |  4- 6 |  7- 9 | 10-12 | 13-15 | 16-18 | 19-21 | 22-24 | 25-27 || total
---------------------------+-------+-------+-------+-------+-------+-------+-------+-------+-------++-------
  Melee: Falchion          |   113 |    39 |       |       |       |       |       |       |       ||   152
         Whip              |       |    63 |   309 |   250 |       |       |       |       |       ||   622
         Broad axe         |       |       |       |   473 |  1599 |  1503 |  1661 |  1523 |  1404 ||  8163
         War axe           |       |       |       |       |       |    15 |    52 |     7 |       ||    74
         Trishula          |       |       |       |       |       |       |       |       |   579 ||   579
  Throw: Dart              |       |     9 |    11 |    15 |       |       |       |       |       ||    35
         Boomerang         |       |       |       |       |    16 |   113 |    27 |   147 |   162 ||   465
         Javelin           |       |       |       |       |       |     1 |       |    25 |    27 ||    53
 Invoke: Berserk           |     1 |     4 |     7 |     9 |    11 |    13 |    10 |     1 |       ||    56
         Trog's Hand       |       |     1 |     1 |     8 |     4 |     4 |     1 |     3 |     6 ||    28
         Brothers in Arms  |       |       |       |     5 |     3 |    10 |     6 |     1 |    10 ||    35
  Evoke: Wand              |       |       |       |     6 |    10 |     5 |    11 |     2 |    38 ||    72
         Sack of spiders   |       |       |       |       |     2 |       |       |     1 |     1 ||     4
         Lightning rod     |       |       |       |       |       |       |     4 |     4 |       ||     8
         Phial of floods   |       |       |       |       |       |       |     1 |     1 |     1 ||     3
         Condenser vane    |       |       |       |       |       |       |       |       |     1 ||     1
    Use: Scroll            |     1 |     8 |     8 |    10 |     4 |     6 |     7 |    18 |    30 ||    92
         Potion            |       |     2 |       |     7 |       |     8 |     4 |     5 |    10 ||    36
   Stab: Sleeping          |     1 |       |       |       |       |     6 |    10 |       |       ||    17
         Invisible         |       |     1 |       |       |       |     5 |       |       |       ||     6
         Distracted        |       |       |       |       |     1 |     3 |     3 |       |     5 ||    12
         Petrifying        |       |       |       |       |       |     1 |       |       |       ||     1
         Held in net/web   |       |       |       |       |       |       |       |       |     2 ||     2
         Fleeing           |       |       |       |       |       |       |       |       |     1 ||     1
 Armour: Animal skin       |    23 |       |       |       |       |       |       |       |       ||    23
         Leather armour    |    28 |    18 |       |       |       |       |       |       |       ||    46
         Skin              |       |     4 |       |       |       |       |       |    33 |       ||    37
         Scale mail        |       |    43 |    45 |       |   496 |   650 |   590 |       |       ||  1824
         Ring mail         |       |       |   100 |   175 |       |       |       |       |       ||   275
         Plate armour      |       |       |       |   327 |   409 |   218 |   195 |   549 |       ||  1698
         Storm dragon scal |       |       |       |       |       |       |       |    16 |   200 ||   216
         Gold dragon scale |       |       |       |       |       |       |       |       |   647 ||   647
  Dodge: Dodged            |    71 |    40 |   103 |   269 |   548 |   477 |   400 |   302 |   523 ||  2733
  Block: Buckler           |     7 |    16 |    40 |   143 |       |       |       |       |       ||   206
         Kite shield       |       |       |       |    55 |  1164 |   745 |   694 |   542 |   862 ||  4062

Table legend: (Time is in decaauts)
 A = Elapsed time spent in this place.
 B = Non-inter-level travel time spent in this place.
 C = Inter-level travel time spent in this place.
 D = Time resting spent in this place.
 E = Time spent auto-exploring this place.
 F = Levels seen in this place.
 G = Mean time per level.
                   A        B        C        D        E       F      G
               +--------+--------+--------+--------+--------+-----+--------+
         Total |  79129 |  69755 |   9374 |  19073 |  28508 |  59 | 1341.2 |
       Dungeon |  19235 |  15389 |   3846 |   2484 |   5986 |  15 | 1282.3 |
          Lair |   7634 |   6427 |   1207 |    770 |   3985 |   5 | 1526.8 |
         Swamp |   4718 |   4499 |    219 |   1752 |   1622 |   4 | 1179.5 |
   Spider Nest |   7871 |   7290 |    581 |   3548 |   2472 |   4 | 1967.8 |
    Slime Pits |   5145 |   4876 |    269 |   1127 |   2275 |   5 | 1029.0 |
  Orcish Mines |   2981 |   2281 |    700 |    709 |    664 |   2 | 1490.5 |
   Elven Halls |   3941 |   3570 |    371 |    746 |   1885 |   3 | 1313.7 |
        Vaults |  10348 |   9268 |   1080 |   2506 |   4118 |   5 | 2069.6 |
        Depths |   8769 |   8056 |    713 |   2798 |   3419 |   4 | 2192.2 |
           Zot |   5621 |   5236 |    385 |   1961 |   1901 |   5 | 1124.2 |
         Abyss |   2226 |   2226 |      0 |    594 |    180 |   5 |  445.2 |
         Trove |     45 |     45 |      0 |      0 |      0 |   1 |   45.0 |
        Bailey |    589 |    589 |      0 |     72 |      0 |   1 |  589.0 |
               +--------+--------+--------+--------+--------+-----+--------+

Top non-repeatable levels by time:
Depths:3: 2979 daAuts
Depths:2: 2961 daAuts
Spider:4: 2920 daAuts
   Zot:2: 2656 daAuts
    D:14: 2473 daAuts
   Orc:2: 2404 daAuts
Vaults:3: 2253 daAuts
 Abyss:3: 2189 daAuts
Vaults:1: 2115 daAuts
Vaults:2: 2077 daAuts
    D:11: 2059 daAuts
Spider:1: 2048 daAuts
Vaults:4: 1985 daAuts
Vaults:5: 1917 daAuts
    D:15: 1830 daAuts

Table legend:
 A = Kills in this place as a percentage of kills in the entire game.
 B = Kills by you in this place as a percentage of kills by you in the entire game.
 C = Kills by friends in this place as a percentage of kills by friends in the entire game.
 D = Other kills in this place as a percentage of other kills in the entire game.
 E = Experience gained in this place as a percentage of experience gained in the entire game.
 F = Experience gained in this place divided by the number of levels of this place that you have seen.
                   A       B       C       D       E      F
               +-------+-------+-------+-------+-------+----------------------
         Total | 100.0 | 100.0 | 100.0 | 100.0 | 100.0 | 27009.9
       Dungeon |  17.6 |  17.4 |  27.2 |   5.6 |   7.1 | 7506.8
          Lair |   7.3 |   7.2 |  11.1 |   0.0 |   3.8 | 12073.6
         Swamp |   4.7 |   4.6 |   4.9 |  11.1 |   4.6 | 18474.0
   Spider Nest |   7.1 |   6.6 |  22.2 |   5.6 |   5.7 | 22612.8
    Slime Pits |   8.0 |   8.3 |   0.0 |   0.0 |   7.6 | 24257.6
  Orcish Mines |   4.6 |   4.6 |   7.4 |   0.0 |   1.0 | 8315.5
   Elven Halls |   4.5 |   4.6 |   0.0 |   5.6 |   5.2 | 27721.7
        Vaults |  14.1 |  14.1 |  13.6 |  11.1 |  19.9 | 63410.6
        Depths |  10.5 |  10.7 |   3.7 |  11.1 |  17.8 | 70991.5
           Zot |   8.2 |   7.9 |   9.9 |  38.9 |  17.5 | 55917.2
         Abyss |  11.6 |  11.9 |   0.0 |  11.1 |   9.5 | 30236.2
        Bailey |   1.9 |   2.0 |   0.0 |   0.0 |   0.2 | 3397.0
               +-------+-------+-------+-------+-------+----------------------

Levels and vault maps discovered:
D:1:      dpeg_arrival_castle, layout_loops_cross
D:2:      layout_loops_ring, hellmonk_ecumenical_altar_heavens_door,
          minmay_tetromino_o2
D:3:      layout_loops_ring, mainiacjoe_overflow_alcove_1, serial_shops,
          nicolae_shop_real_fake_doors, uniq_natasha, uniq_robin, uniq_terence
D:4:      layout_basic, nemelex_dance_club_becter
D:5:      layout_loops_ring, minmay_temple_entry_trees
D:6:      layout_basic, marbit_many_paths, nicolae_uskayaw_en_pointe,
          hellmonk_ghost_happy_afterlife
D:7:      layout_loops_corners, mainiacjoe_overflow_alcove_4, enter_bailey_5
D:8:      layout_gridville
D:9:      layout_loops_ring, due_lair_maze_entry_diamond
D:10:     layout_long_grid, elyvilon_altar_5, serial_shops,
          nicolae_shop_bloodbath_and_beyond, minmay_guarded_unrand_resistance
D:11:     evilmike_library_of_no_secrets, layout_rooms,
          ebering_ghost_inner_flame, uniq_fannar, uniq_erica
D:12:     layout_stronghold, orc_0_dummy, chequers_avenue, minmay_holes,
          guppyfry_shop_blood, uniq_jorgrun
D:13:     wad_woods_minihive, layout_irregular_city, gammafunk_ghost_arena,
          ashenzari_altar_1, uniq_urug
D:14:     layout_stronghold, erik_vaults_2, serial_bayou_pond_e
D:15:     hellmonk_depths_entry_around_the_bend, layout_rooms,
          minmay_strange_pillars, uniq_louise
Lair:1:   layout_roguey, infiniplex_staircase_pool_2
Lair:2:   layout_loops_ring, nicolae_spider_entry_tight_spaces,
          grunt_forest_stairs_basic
Lair:3:   minmay_lair_oklob_tunnel, layout_cave_pods, swamp_mist, minivault_11,
          uniq_rupert
Lair:4:   beast_lair_carwin_large_2, layout_regular_city, slime_entry_2,
          infiniplex_staircase_pool, lemuel_fruit_tree
Lair:5:   minmay_lair_end_enchanted_forest, layout_regular_city,
          gammafunk_ghost_arena, st_stairs_4, dpeg_oklob_1
Swamp:1:  layout_basic_swamp, hangedman_swamp_cone, uniq_kirke
Swamp:2:  layout_basic_swamp, evilmike_swamp_ruin_house_5, swamp_pool_4,
          nicolae_swamp_nymph_family_reunion, uniq_aizul, uniq_roxanne
Swamp:3:  layout_falls_marsh, evilmike_swamp_ruin_rubble_2
Swamp:4:  grunt_swamp_rune_castle, layout_basic_swamp
Spider:1: layout_chambers, nicolae_spider_bzzzt
Spider:2: layout_spider_delve
Spider:3: layout_spider_delve
Spider:4: hellmonk_spider_rune_bug_friends, uniq_agnes, uniq_nikola,
          uniq_mlioglotl
Slime:1:  layout_caves
Slime:2:  layout_caves, nicolae_slime_getting_an_eyeful
Slime:3:  layout_caves, nicolae_slime_crime_time
Slime:4:  layout_caves, nicolae_slime_rock_hall_of_fame
Slime:5:  slime_pit_nicolae_amoeboid
Orc:1:    layout_caves
Orc:2:    st_orc_rangers, layout_caves, gammafunk_ghost_fury_of_okawaru,
          nicolae_orc_quarried_blocks
Elf:1:    layout_geoelf_diagonals, enter_trove_6, minmay_elf_necromancy,
          uniq_zenata
Elf:2:    elven_hall_of_blades_hangedman_original
          [nicolae_blade_entry_floor_patterns], layout_geoelf_octagon
Elf:3:    minmay_elf_hall_spiked, layout_rooms, serial_shops, shop_statue,
          st_stairs_3
Vaults:1: nicolae_vaults_door_testing_chamber, nicolae_vaults_big_angled_halls,
          nicolae_vaults_trapezoid_3, nicolae_vaults_double_plus_2,
          nicolae_vaults_network_s, v_misc_27, nicolae_vaults_mitosis,
          v_misc_27, v_misc_24, vaults_room_grunt_arrival_checkpoint,
          nicolae_vaults_tetromino_T_1, vaults_room_door_ring, v_misc_23,
          ontoclasm_vaults_ring_square, layout_vaults_ring, uniq_saint_roka,
          uniq_donald
Vaults:2: nicolae_vaults_circle_grid_b, dpeg_vaults_monster_row,
          nicolae_vaults_little_squares_3, v_rooms_2,
          nicolae_vaults_trapezoid_3, layout_vaults_omnigrid
Vaults:3: ebering_ghost_xom, minmay_crypt_entry_simple_walls, v_alt_pattern_6,
          nicolae_vaults_turnstiles, ontoclasm_vaults_hangar,
          nicolae_vaults_heist, v_misc_4, nicolae_vaults_little_squares_1,
          nicolae_vaults_frosty_reception, grunt_vaults_trifunnel,
          nicolae_vaults_trapezoid_lopsided_4, layout_vaults_omnibox
Vaults:4: serial_library_hellmonk_reading_circle, v_misc_1,
          nicolae_vaults_trapezoid_1, nicolae_vaults_trapezoid_lopsided_1,
          nicolae_vaults_meeting, nicolae_vaults_tetromino_Z_1,
          nicolae_vaults_heart-shaped_vault, grunt_vaults_focal, v_misc_8,
          layout_vaults_big_room, uniq_margery, uniq_mara, uniq_jory
Vaults:5
Depths:1: layout_basic, nicolae_dithmenos_shadow_blocks, rand_demon_pan_entry_9,
          pf_coc_iceberg, nicolae_hepliaklqana_monster_ancestors,
          minmay_shoptagon
Depths:2: minmay_the_grid_octo_triangle [minmay_the_grid_octo_fan_narrow,
          minmay_the_grid_octo_prize_ultimate_mussel_roller,
          minmay_the_grid_octo_horde], layout_honeycomb, abyss_entry,
          hell_entry, grunt_pan_entry_spiral, serial_shops, nicolae_square_shop
Depths:3: cheibrodos_spurs, layout_long_grid, enter_ziggurat_a, hell_entry,
          hangedman_abyss_entry_splay, led_sif_pool,
          minmay_misc_feat_secret_circle, hangedman_glass_teeth,
          kennysheep_doodads, grunt_ministairs_6, led_xom_imps,
          infiniplex_staircase_river, uniq_frederick
Depths:4: grunt_zot_entry_funnels, layout_gridlike, hell_entry,
          minmay_fountain_box, nicolae_abyss_entry_one_way_or_another
Zot:1:    layout_twisted_circle
Zot:2:    regret_index_infernal_bastille, layout_basic, nicolae_diode_basic
Zot:3:    layout_concentric_octagons, regret_index_zotdec_split_disrupt,
          nicolae_transporter_intersection
Zot:4:    layout_basic, grunt_ministairs_11,
          regret_index_zotdec_abyssal_contain_seething_sorcery,
          regret_index_zotdec_wing_it
Zot:5:    layout_basic, gammafunk_ghost_mausoleum

Action                     |  1- 3 |  4- 6 |  7- 9 | 10-12 | 13-15 | 16-18 | 19-21 | 22-24 | 25-27 || total
---------------------------+-------+-------+-------+-------+-------+-------+-------+-------+-------++-------
  Melee: Falchion          |   113 |    39 |       |       |       |       |       |       |       ||   152
         Whip              |       |    63 |   309 |   250 |       |       |       |       |       ||   622
         Broad axe         |       |       |       |   473 |  1599 |  1503 |  1661 |  1523 |  1404 ||  8163
         War axe           |       |       |       |       |       |    15 |    52 |     7 |       ||    74
         Trishula          |       |       |       |       |       |       |       |       |   579 ||   579
  Throw: Dart              |       |     9 |    11 |    15 |       |       |       |       |       ||    35
         Boomerang         |       |       |       |       |    16 |   113 |    27 |   147 |   162 ||   465
         Javelin           |       |       |       |       |       |     1 |       |    25 |    27 ||    53
 Invoke: Berserk           |     1 |     4 |     7 |     9 |    11 |    13 |    10 |     1 |       ||    56
         Trog's Hand       |       |     1 |     1 |     8 |     4 |     4 |     1 |     3 |     6 ||    28
         Brothers in Arms  |       |       |       |     5 |     3 |    10 |     6 |     1 |    10 ||    35
  Evoke: Wand              |       |       |       |     6 |    10 |     5 |    11 |     2 |    38 ||    72
         Sack of spiders   |       |       |       |       |     2 |       |       |     1 |     1 ||     4
         Lightning rod     |       |       |       |       |       |       |     4 |     4 |       ||     8
         Phial of floods   |       |       |       |       |       |       |     1 |     1 |     1 ||     3
         Condenser vane    |       |       |       |       |       |       |       |       |     1 ||     1
    Use: Scroll            |     1 |     8 |     8 |    10 |     4 |     6 |     7 |    18 |    30 ||    92
         Potion            |       |     2 |       |     7 |       |     8 |     4 |     5 |    10 ||    36
   Stab: Sleeping          |     1 |       |       |       |       |     6 |    10 |       |       ||    17
         Invisible         |       |     1 |       |       |       |     5 |       |       |       ||     6
         Distracted        |       |       |       |       |     1 |     3 |     3 |       |     5 ||    12
         Petrifying        |       |       |       |       |       |     1 |       |       |       ||     1
         Held in net/web   |       |       |       |       |       |       |       |       |     2 ||     2
         Fleeing           |       |       |       |       |       |       |       |       |     1 ||     1
 Armour: Animal skin       |    23 |       |       |       |       |       |       |       |       ||    23
         Leather armour    |    28 |    18 |       |       |       |       |       |       |       ||    46
         Skin              |       |     4 |       |       |       |       |       |    33 |       ||    37
         Scale mail        |       |    43 |    45 |       |   496 |   650 |   590 |       |       ||  1824
         Ring mail         |       |       |   100 |   175 |       |       |       |       |       ||   275
         Plate armour      |       |       |       |   327 |   409 |   218 |   195 |   549 |       ||  1698
         Storm dragon scal |       |       |       |       |       |       |       |    16 |   200 ||   216
         Gold dragon scale |       |       |       |       |       |       |       |       |   647 ||   647
  Dodge: Dodged            |    71 |    40 |   103 |   269 |   548 |   477 |   400 |   302 |   523 ||  2733
  Block: Buckler           |     7 |    16 |    40 |   143 |       |       |       |       |       ||   206
         Kite shield       |       |       |       |    55 |  1164 |   745 |   694 |   542 |   862 ||  4062
